 Dungeon Crawl Stone Soup version 0.31-a0-121-g1e386dd289 (webtiles) character file.

Game seed: 2311945499955934242

1112 Essalna the Destroyer (level 8, -9/48 HPs)
             Began as a Tengu Conjurer on June 1, 2023.
             Was a Follower of Vehumet.
             Mangled by an orc warrior
             ... wielding a +0 battleaxe
              (12 damage)
             ... on level 6 of the Dungeon.
             The game lasted 00:10:31 (6294 turns).

Essalna the Destroyer (Tengu Conjurer)              Turns: 6294, Time: 00:10:32

Health: -9/48      AC:  4    Str:  7    XL:     8   Next: 33%
Magic:  4/12       EV: 15    Int: 20    God:    Vehumet [*.....]
Gold:   236        SH:  4    Dex: 14    Spells: 4/11 levels left

rFire   . . .        k - staff of conjuration
rCold   . . .        j - +0 buckler
rNeg    . . .        a - +0 robe
rPois   +            (helmet restricted)
rElec   .            h - +1 cloak {rPois}
rCorr   +            (no gloves)
SInv    .            (boots unavailable)
Will    +....        (no amulet)
Stlth   +++          o - ring of resist corrosion
HPRegen 0.28/turn    (no ring)
MPRegen 0.13/turn

%: no passive effects
@: flying quickly and evasively, quick
A: beak, talons 3, nimble flight, strong-willed 1, mutation resistance 1
a: Renounce Religion


You were on level 6 of the Dungeon.
You worshipped Vehumet.
Vehumet was aware of your devotion.
You visited 2 branches of the dungeon, and saw 7 of its levels.

You collected 236 gold pieces.

Inventory:

Hand Weapons
 c - a +1 dagger of venom
 e - a +1 whip of holy wrath
 s - the +5 falchion of the Mashing Visionary {holy, Dex+3 Stlth+}
   (You found it on level 5 of the Dungeon)

   Dex:       It affects your dexterity (+3).
   Stlth:     It makes you more stealthy.
Armour
 a - a +0 robe (worn)
 h - a +1 cloak of poison resistance (worn)
 j - a +0 buckler (worn)
Magical Staves
 k - a staff of conjuration (weapon)
 q - a staff of death
Jewellery
 o - a ring of resist corrosion (left hand)
Wands
 n - a wand of charming (8)
 u - a wand of flame (20)
Scrolls
 i - a scroll of immolation {unknown}
 l - a scroll of identify
 m - a scroll of acquirement {unknown}
 p - a scroll of poison {unknown}
 r - a scroll of magic mapping {unknown}
Potions
 b - 2 potions of degeneration
 d - a potion of attraction
 g - a potion of invisibility


   Skills:
 + Level 4.9 Fighting
 + Level 3.4 Armour
 + Level 4.3 Dodging
 - Level 4.0 Stealth
 + Level 0.8 Shields
 - Level 2.0 Spellcasting
 + Level 8.6 Conjurations
 + Level 0.9 Translocations


You had 4 spell levels left.
You knew the following spells:

 Your Spells              Type           Power      Damage    Failure   Level
a - Magic Dart            Conj           100%       1d8       1%          1
b - Searing Ray           Conj           100%       2d8       1%          2
c - Iskenderun's Mystic   Conj/Tloc      31%        2d8       36%         4

Your spell library contained the following spells:

 Spells                   Type           Power      Damage    Failure   Level
 Sandblast                Erth           4%         2d4       26%         1
 Dazzling Flash           Conj/Hex       58%        N/A       13%         3
 Stone Arrow              Conj/Erth      58%        3d10      13%         3
 Fulminant Prism          Conj/Hex       14%        3d8       41%         4
 Animate Armour           Summ/Erth      4%         N/A       95%         4
 Iskenderun's Battlesphe  Conj           53%        2d10      21%         5
 Fireball                 Conj/Fire      14%        3d8       77%         5
 Orb of Destruction       Conj           26%        9d9       99%         7
 Conjure Ball Lightning   Conj/Air       14%        3x3d6     100%        6
 Lehudib's Crystal Spear  Conj/Erth      14%        10d5      100%        8


Dungeon Overview and Level Annotations

Branches:
Dungeon (6/15)             Temple (1/1) D:4

Altars:
Ashenzari
Cheibriados
Elyvilon
Gozag
Makhleb
Nemelex Xobeh
Ru
Sif Muna
Trog
Uskayaw
Vehumet
Wu Jian
Zin

Shops:
D:5 ?


Innate Abilities, Weirdness & Mutations

You have a beak for a mouth.
You have claws for feet.
Your magical nature lets you fly swiftly and evasively.
You are strong-willed. (Will+)
You are somewhat resistant to further mutation.


Message History

The orc warrior is lightly wounded.
The searing ray hits the orc priest!
You kill the orc priest!
Vehumet accepts your kill.
You finish channelling your searing ray.
The orc warrior barely misses you. You block the orc warrior's attack.
Casting: Searing Ray (safe; 1% risk of failure)
Confirm with . or Enter, or press ? or * to list all spells.
Aiming: Searing Ray (safe; 1% risk of failure)
Press: ? - help, Shift-Dir - straight line, f - orc warrior
Aim: an orc warrior, wielding a +0 battleaxe and wearing a +0 plate armour (lightly wounded, 83% to hit)
You feel a surge of power!
The searing ray hits the orc warrior but does no damage.
The orc warrior is lightly wounded. (Press . to maintain the ray.)
The orc warrior hits you with a +0 battleaxe!
The searing ray hits the orc warrior but does no damage.
The orc warrior is lightly wounded.
The orc warrior hits you with a +0 battleaxe!!
* * * LOW HITPOINT WARNING * * *
An orc comes into view. It is wielding a +0 mace.
The searing ray hits the orc warrior but does no damage.
The orc warrior is lightly wounded.
The orc warrior misses you.
Okay, then.
Unknown command.
Okay, then.
There is a stone staircase leading up here.
Okay, then.
It was a potion of resistance.
You feel protected.
The orc warrior hits you with a +0 battleaxe.
* * * LOW HITPOINT WARNING * * *
It was a potion of cancellation.
Your magical effects are unravelling.
You feel magically purged.
Your resistance to elements expires.
The orc warrior hits you with a +0 battleaxe!
You die...

#### ..# #.# ####.###
#....o.# ########..
#.##.#.####.o.......
#.##.##o#..))..##.#....
#.....@.######## ... ..
##.#[##.# ..... # #.#
o..... #.# )..... #.#


oo.... ..# #$..#. ### You could see an orc warrior and an orc.

Vanquished Creatures
  A black bear (D:4)
  An ice beast (D:5)
  A phantom (D:5)
  Blork the orc (D:4)
  5 killer bees (D:4)
  7 hounds
  A jelly (D:4)
  An orc priest (D:6)
  2 iguanas
  A sleepcap (D:5)
  Robin (D:2)
  3 gnolls (D:4)
  7 adders (D:2)
  A white imp (D:5)
  A worm (D:4)
  2 dart slugs
  3 orcs
  7 endoplasms
  6 giant cockroaches
  13 goblins
  16 hobgoblins
  7 quokkas
  5 ball pythons
  9 bats
  3 frilled lizards
  6 kobolds
  7 rats
118 creatures vanquished.

Notes
Turn   | Place    | Note
-------+----------+-------------------------------------------
     0 | D:1      | Essalna the Tengu Conjurer began the quest for the Orb.
     0 | D:1      | Reached XP level 1. HP: 10/10 MP: 4/4
   209 | D:1      | Reached skill level 1 in Fighting
   209 | D:1      | Reached XP level 2. HP: 16/16 MP: 4/6
   720 | D:1      | Reached XP level 3. HP: 20/20 MP: 4/7
   780 | D:1      | Reached skill level 6 in Conjurations
  1561 | D:2      | Noticed Robin
  1567 | D:2      | Killed Robin
  1568 | D:2      | Reached XP level 4. HP: 27/27 MP: 6/8
  1741 | D:2      | Found a shimmering blue altar of Sif Muna.
  1936 | D:2      | Found a faded altar of an unknown god.
  1983 | D:2      | Gained mutation: Your magical nature lets you fly swiftly
                  | and evasively. [Tengu growth]
  1983 | D:2      | Reached XP level 5. HP: 29/32 MP: 1/9
  2161 | D:2      | Reached skill level 7 in Conjurations
  2768 | D:3      | Found an opulent altar of Gozag.
  2932 | D:3      | Found a broken altar of Ashenzari.
  2956 | D:3      | Found a bloodstained altar of Trog.
  2988 | D:3      | Learned a level 2 spell: Searing Ray
  3552 | D:3      | Gained mutation: You are strong-willed. (Will+) [potion of
                  | mutation]
  3552 | D:3      | Gained mutation: You are somewhat resistant to further
                  | mutation. [potion of mutation]
  3802 | D:3      | You are sucked into a shaft and drop 2 floors!
  3802 | D:5      | Entered Level 5 of the Dungeon
  3817 | D:5      | Reached XP level 6. HP: 34/37 MP: 3/10
  3912 | D:5      | Found Farch's Magic Scroll Shop.
  3943 | D:5      | Reached skill level 1 in Armour
  4091 | D:4      | Found a staircase to the Ecumenical Temple.
  4100 | Temple   | Entered the Ecumenical Temple
  4118 | Temple   | Became a worshipper of Vehumet
  4184 | D:4      | Noticed a black bear
  4190 | D:4      | Killed a black bear
  4589 | D:4      | Reached XP level 7. HP: 36/43 MP: 5/11
  4592 | D:4      | Reached skill level 8 in Conjurations
  4890 | D:4      | Noticed Blork the orc
  4900 | D:4      | Killed Blork the orc
  5421 | D:5      | Reached * piety under Vehumet
  5421 | D:5      | Offered knowledge of Sandblast by Vehumet.
  5422 | D:5      | Reached XP level 8. HP: 48/48 MP: 2/12
  5427 | D:5      | Learned a level 4 spell: Iskenderun's Mystic Blast
  6182 | D:5      | Identified the +5 falchion of the Mashing Visionary {holy,
                  | Dex+3 Stlth+}
  6294 | D:6      | Mangled by an orc warrior

Illustrated notes

Levels and vault maps discovered:
D:1:      sevenhm_arrival_forest_fort_small_5, layout_loops_corners,
          serial_glass, glass_columns_a, glass_columns_c, item_on_display_b,
          due_unseen_surprise, feat_on_display, item_on_display_a
D:2:      layout_basic, hellmonk_ecumenical_altar_inner_sanctum, basic_altar,
          uniq_robin
D:3:      layout_loops_corners, amcnicky_altar_gilded,
          mainiacjoe_overflow_small_starburst, bloody_trog
D:4:      layout_gridville, minmay_temple_entry_ruins, uniq_blork_the_orc
D:5:      layout_basic, serial_shops, nicolae_shop_pleasant_corner_grove
D:6:      layout_loops_cross, mainiacjoe_overflow_cross_hatched,
          grunt_temple_overflow_open, minmay_ogre_servants
Temple:   hellmonk_temple_micro_hex

Skill      XL: |  1  2  3  4  5  6  7  8 |
---------------+-------------------------+-----
Fighting       | 1 2 3 4 |  4.9
Conjurations   | 6 7 8 |  8.6
Armour         | 2 3 |  3.4
Dodging        | 3 4 |  4.3
Stealth        | 3 4 |  4.0
Shields        | |  0.8
Spellcasting   | |  2.0
Translocations | |  0.9

Action                     |  1- 3 |  4- 6 |  7- 9 || total
---------------------------+-------+-------+-------++-------
  Melee: Unarmed           |     8 |       |       ||     8
         Whip              |       |    10 |       ||    10
         Kick              |       |     3 |     1 ||     4
         Staff             |       |     7 |     4 ||    11
         Peck              |       |     2 |       ||     2
   Cast: Magic Dart        |    72 |   128 |    62 ||   262
         Searing Ray       |       |     2 |     8 ||    10
    Use: Potion            |     3 |     1 |     3 ||     7
         Scroll            |       |     4 |     1 ||     5
 Armour: Robe              |     4 |     2 |     8 ||    14
  Dodge: Dodged            |    14 |    36 |    29 ||    79
  Block: Buckler           |       |     6 |     3 ||     9

Table legend: (Time is in decaauts)
 A = Elapsed time spent in this place.
 B = Non-inter-level travel time spent in this place.
 C = Inter-level travel time spent in this place.
 D = Time resting spent in this place.
 E = Time spent auto-exploring this place.
 F = Levels seen in this place.
 G = Mean time per level.
                   A        B        C        D        E       F      G
               +--------+--------+--------+--------+--------+-----+--------+
         Total |   6056 |   5873 |    183 |      0 |   5168 |   7 |  865.1 |
       Dungeon |   6042 |   5863 |    179 |      0 |   5168 |   6 | 1007.0 |
        Temple |     14 |     11 |      3 |      0 |      0 |   1 |   14.0 |
               +--------+--------+--------+--------+--------+-----+--------+

Top non-repeatable levels by time:
     D:1: 1379 daAuts
     D:2: 1285 daAuts
     D:3: 1140 daAuts
     D:5: 1106 daAuts
     D:4: 1090 daAuts
     D:6: 40 daAuts
  Temple: 14 daAuts
